 Dungeon Crawl Stone Soup version 0.31-a0-229-g1fc7ce93e2 (webtiles) character file.

Game seed: 10023298268984057970

60 qw the Shooter (level 3, -4/29 HPs)
             Began as a Minotaur Hexslinger on July 6, 2023.
             Slain by a hobgoblin (5 damage)
             ... led by Robin
             ... on level 2 of the Dungeon.
             The game lasted 00:00:30 (1203 turns).

qw the Shooter (Minotaur Hexslinger)                Turns: 1203, Time: 00:00:30

Health: -4/29      AC:  5    Str: 12    XL:     3   Next: 82%
Magic:  3/3        EV: 11    Int: 10    God:
Gold:   16         SH:  0    Dex: 20    Spells: 3/4 levels left

rFire   . . .        Y - +1 sling
rCold   + . .        (no shield)
rNeg    . . .        f - +0 ring mail
rPois   .            (helmet restricted)
rElec   .            (no cloak)
rCorr   .            (no gloves)
SInv    .            (no boots)
Will    .....        (no amulet)
Stlth   +            e - ring of protection from cold
HPRegen 0.24/turn    h - +6 ring of dexterity
MPRegen 0.08/turn

%: no passive effects
@: no status effects
A: horns 2, retaliatory headbutt
a: no special abilities


You were on level 2 of the Dungeon.
You visited 1 branch of the dungeon, and saw 2 of its levels.

You collected 40 gold pieces.
You spent 24 gold pieces at shops.


Innate Abilities, Weirdness & Mutations

You have a pair of horns on your head.
You reflexively headbutt those who attack you in melee.


   Skills:
 - Level 2.1 Fighting
 + Level 4.1 Ranged Weapons
 - Level 1.0 Armour
 - Level 2.1 Dodging
 - Level 1.0 Spellcasting
 - Level 2.0 Hexes


You had 3 spell levels left.
You knew the following spells:

 Your Spells              Type           Power      Damage    Failure   Level
a - Slow                  Hex            16%        N/A       34%         1

Your spell library contained the following spells:

 Spells                   Type           Power      Damage    Failure   Level
 Inner Flame              Hex/Fire       2%         N/A       83%         3
 Portal Projectile        Hex/Tloc       4%         N/A       83%         3
 Cause Fear               Hex            2%         N/A       98%         4

Inventory:

Hand Weapons
 Y - a +1 sling (weapon)
Armour
 f - a +0 ring mail (worn)
Jewellery
 e - a ring of protection from cold (left hand)
 h - a +6 ring of dexterity (right hand)
Scrolls
 g - a scroll of revelation {unknown}
 i - a scroll of enchant armour {unknown}
 j - a scroll of amnesia {unknown}
 k - a scroll of enchant weapon {unknown}
Potions
 a - a potion of curing {unknown}
 b - a potion of ambrosia {unknown}
 c - a potion of resistance {unknown}
 d - a potion of berserk rage {unknown}

Dungeon Overview and Level Annotations

Branches:
Dungeon (2/15)

Altars:
Vehumet

Shops:
D:2 *

Annotations:
D:2 Robin


Message History

Robin barely misses you.
A hobgoblin comes into view. x2
You shoot a sling bullet. The sling bullet hits the goblin!
You kill the goblin!
Robin throws the goblin at you! The goblin hits you with a +0 dagger.
A hobgoblin comes into view.
Robin hits you but does no damage.
A hobgoblin comes into view.
The goblin barely misses you.
You shoot a sling bullet. The sling bullet hits the goblin.
The goblin is heavily wounded.
Robin hits you from afar with a +0 trident.
Robin says, "Bow before me, strongest of all the hobgoblins!"
Robin hits you from afar with a +0 trident.
The goblin closely misses you.
You shoot a sling bullet. The sling bullet hits the goblin.
The goblin is severely wounded.
Robin roars a battlecry!
The hobgoblins go into a battle-frenzy!
A goblin comes into view. It is wielding a +0 dagger.
The hobgoblin barely misses you. You furiously retaliate!
You headbutt the hobgoblin. The goblin barely misses you.
You shoot a sling bullet. The sling bullet hits the goblin!
You kill the goblin!
Robin throws the goblin at you! The goblin closely misses you.
The hobgoblin hits you but does no damage.
Robin hits you from afar with a +0 trident.
The goblin hits you with a +0 dagger. The hobgoblin misses you.
You furiously retaliate!
You headbutt the hobgoblin!
You kill the hobgoblin!
You shoot a sling bullet.
The sling bullet barely misses the goblin.
Robin hits you but does no damage. Robin closely misses you.
The goblin hits you with a +0 dagger.
You shoot a sling bullet. The sling bullet hits the goblin.
You kill the goblin!
Robin barely misses you.
Robin hits you from afar with a +0 trident.
The hobgoblin hits you.
You die...

#'# #........#
.. ####.#####
#.## #..## ##.
..####...## .'.
..'...g...# ##.
..####ggg##
##g## #@# #)#
#.# ## #.# .#
7#7#7#7#7###.#
.#
#............#
.#
#7.......7#####
.# #........#
.# #7.......7


You could see Robin (fast), 3 hobgoblins and a goblin (strong).

Vanquished Creatures
  5 dart slugs
  5 bats (D:1)
  2 endoplasms
  4 giant cockroaches
  7 goblins (D:2)
  4 hobgoblins (D:2)
  3 jackals (D:2)
  6 kobolds
  3 quokkas
  2 ball pythons (D:1)
  2 frilled lizards (D:1)
  2 rats
45 creatures vanquished.

Notes
Turn   | Place    | Note
-------+----------+-------------------------------------------
     0 | D:1      | qw the Minotaur Hexslinger began the quest for the Orb.
     0 | D:1      | Reached XP level 1. HP: 16/16 MP: 1/1
     0 | D:1      | 0 ||| qw: Version: 0.3-a-46-gb1f654a
     0 | D:1      | 0 ||| qw: Game counter: 1267
     0 | D:1      | 0 ||| qw: Melee chars always use a shield: true
     0 | D:1      | 0 ||| qw: God list: Okawaru
     0 | D:1      | 0 ||| qw: Allow faded altars: false
     0 | D:1      | 0 ||| qw: Do Orc after clearing Dungeon:15 true
     0 | D:1      | 0 ||| qw: Do second Lair branch before Depths: true
     0 | D:1      | 0 ||| qw: Lair rune preference: random
     0 | D:1      | 0 ||| qw: Goals: Normal
     0 | D:1      | 0 ||| PLANNING D:1-11
    78 | D:1      | Reached skill level 3 in Ranged Weapons
    99 | D:1      | Reached XP level 2. HP: 23/23 MP: 2/2
   434 | D:1      | Reached XP level 3. HP: 29/29 MP: 3/3
   587 | D:1      | 587 ||| UPGRADING to +0 ring mail.
   597 | D:1      | 597 ||| DROPPING +0 robe.
   598 | D:1      | 598 ||| UPGRADING to ring of protection from cold.
   599 | D:1      | 599 ||| UPGRADING to +6 ring of dexterity.
   600 | D:1      | 600 ||| READING scroll labelled TOCYKA MUODOIX.
   601 | D:1      | 601 ||| DROPPING scroll of poison.
   626 | D:2      | Found Elanios's Assorted Antiques.
   635 | D:2      | 635 ||| BUYING glowing silvery potion (24 gold).
   635 | D:2      | Bought a glowing silvery potion for 24 gold pieces
   635 | D:2      | 635 ||| SHOPLISTING scroll labelled ENAMIE QISKI (27 gold,
                  | have 16).
   635 | D:2      | 635 ||| SHOPLISTING scroll labelled OCKAMUCAVE (27 gold,
                  | have 16).
   635 | D:2      | 635 ||| SHOPLISTING white potion (24 gold, have 16).
   667 | D:2      | Found a radiant altar of Vehumet.
   973 | D:2      | Reached skill level 4 in Ranged Weapons
  1133 | D:2      | Reached skill level 1 in Armour
  1191 | D:2      | Noticed Robin
  1201 | D:2      | HP: 5/29 [goblin/+0 dagger[Robin] (5)]
  1203 | D:2      | HP: 1/29 [Robin/+0 trident (3)]
  1203 | D:2      | Slain by a hobgoblin

Levels and vault maps discovered:
D:1:      ldierk_walled_garden, layout_loops_ring
D:2:      layout_loops_corners, serial_forest, infiniplex_forest_side_room,
          infiniplex_forest_lined_room_3, infiniplex_forest_clump_curved,
          infiniplex_forest_lined_room_, infiniplex_forest_straight_3,
          infiniplex_forest_end_2, infiniplex_forest_lined_room_,
          infiniplex_forest_lined_2, serial_shops,
          nicolae_shop_overgrown_old_shop, basic_altar, uniq_robin

Skill      XL: |  1  2  3 |
---------------+----------+-----
Ranged Weapons | 3 4 |  4.1
Fighting       | 2 |  2.1
Armour         | 1 |  1.0
Dodging        | |  2.1
Spellcasting   | |  1.0
Hexes          | |  2.0

Action                     || total
---------------------------++-------
   Fire: Sling             ||   120
    Use: Scroll            ||     1
 Armour: Robe              ||     4
         Ring mail         ||    16
  Dodge: Dodged            ||    32

Table legend:
 A = Non-vault XP
 B = Vault XP
 C = Vault XP percentage of total XP
 D = Non-vault monster count
 E = Vault monster count
 F = Vault count percentage of total count
                 A         B        C        D         E       F
            +---------+---------+-------+---------+---------+-------
      Total |      77 |      11 |  12.5 |      39 |       6 |  13.3
            +---------+---------+-------+---------+---------+-------
        D:1 |      45 |       0 |   0.0 |      23 |       0 |   0.0
        D:2 |      32 |      11 |  25.6 |      16 |       6 |  27.3
            +---------+---------+-------+---------+---------+-------
